 Dungeon Crawl Stone Soup version 0.21.0-3-g78d12a8 (webtiles) character file.

78 MTVSty1e the Slasher (level 4, -6/35 HPs)
             Began as a Human Berserker on Jan 10, 2018.
             Was a Believer of Trog.
             Killed by divine providence
             ... invoked by an orc priest
              (14 damage)
             ... on level 3 of the Dungeon.
             The game lasted 00:03:39 (2692 turns).

MTVSty1e the Slasher (Human Berserker)              Turns: 2692, Time: 00:03:40

Health: -6/35      AC:  7    Str: 21    XL:     4   Next: 61%
Magic:  4/4        EV: 10    Int:  7    God:    Trog [**....]
Gold:   134        SH:  4    Dex: 14    Spells: 3/3 levels left

rFire    . . .     SeeInvis .   a - +0 falchion
rCold    . . .     Gourm    .   (no shield)
rNeg     . . .     Faith    .   k - +0 scale mail
rPois    .         Spirit   .   (no helmet)
rElec    .         Reflect  .   i - +0 cloak
rCorr    .         Harm     .   (no gloves)
MR       .....                  (no boots)
Stlth    ..........             (no amulet)
HPRegen  0.11/turn              (no ring)
MPRegen  0.09/turn              (no ring)

@: berserk cooldown, slowed, very slow
A: talons 1, large bone plates 1, agile 1, strong 1
a: Berserk, Trog's Hand, Burn Spellbooks, Renounce Religion


You were on level 3 of the Dungeon.
You worshipped Trog.
Trog was pleased with you.
You were not hungry.

You visited 1 branch of the dungeon, and saw 3 of its levels.

You collected 134 gold pieces.

Inventory:

Hand Weapons
 a - a +0 falchion (weapon)
Armour
 e - a +0 leather armour
 i - a +0 cloak (worn)
 k - a +0 scale mail (worn)
Scrolls
 d - 2 scrolls of fear {unknown}
 f - 4 scrolls of amnesia {unknown}
 g - a scroll of fog {unknown}
 n - a scroll of blinking {unknown}
 r - a scroll of remove curse {unknown}
 s - 2 scrolls of teleportation {unknown}
Potions
 j - a potion of heal wounds {unknown}
 l - a potion of brilliance {unknown}
 m - a potion of cancellation {unknown}
 o - 2 potions of berserk rage {unknown}
 p - a potion of lignification {unknown}
 q - a potion of agility {unknown}
 t - a potion of degeneration {unknown}
Comestibles
 c - 5 rations


   Skills:
 - Level 3.0 Fighting
 * Level 5.0 Long Blades
 - Level 2.0 Armour
 - Level 2.0 Dodging


You had 3 spell levels left.
You didn't know any spells.

Dungeon Overview and Level Annotations

Branches:
Dungeon (3/15)

Altars:
Okawaru


Innate Abilities, Weirdness & Mutations

You have sharp toenails.
You are partially covered in large bone plates. (SH +4)
You are agile. (Dex +2)
Your muscles are strong. (Str +2)


Message History

The orc priest hits you but does no damage.
Something hits you but does no damage.
It was a potion of mutation.
You feel extremely strange.
You feel stronger.
You feel agile.
Large bone plates grow over parts of your arms.
Your toenails lengthen and sharpen.
You hear some strange, mumbled words.
A magic dart appears from out of thin air!
The magic dart hits you!
* * * LOW HITPOINT WARNING * * *
You block the orc priest's attack.
You hear some strange, mumbled words.
A puff of flame appears from out of thin air!
The puff of flame hits you!
* * * LOW HITPOINT WARNING * * *
You feel better. Something hits you.
* * * LOW HITPOINT WARNING * * *
The orc priest mumbles some strange prayers to Beogh against you.
Beogh smites you!
You die...

..#..# .# .....#
######.## ..#..#
#.(.....## .##..#
#........#
.....#######.###...#
...............#...#
...#########.#.#...###..
#### #.#){o......#
#.###@..#### #.......#
.....###..# ###... ..#
##.# .## .# .# ..


You could see an orc priest.

Vanquished Creatures
  Terence (D:2)
  An adder (D:2)
  A worm (D:2)
  A dart slug (D:1)
  2 orcs (D:3)
  2 giant cockroaches
  7 goblins (D:2)
  4 hobgoblins
  A quokka (D:3)
  A ball python (D:2)
  3 bats
  9 frilled lizards
  A kobold (D:1)
  7 rats
41 creatures vanquished.

Notes
Turn   | Place    | Note
-------+----------+-------------------------------------------
     0 | D:1      | MTVSty1e the Human Berserker began the quest for the Orb.
     0 | D:1      | Reached XP level 1. HP: 18/18 MP: 1/1
   609 | D:1      | Reached XP level 2. HP: 24/24 MP: 2/2
  1412 | D:2      | Reached skill level 4 in Long Blades
  1412 | D:2      | Reached XP level 3. HP: 11/29 MP: 3/3
  1641 | D:2      | Noticed Terence
  1650 | D:2      | Killed Terence
  1650 | D:2      | Reached XP level 4. HP: 35/35 MP: 4/4
  1828 | D:2      | Found a faded altar of an unknown god.
  1891 | D:2      | Reached ** piety under Trog
  2518 | D:3      | Reached skill level 5 in Long Blades
  2637 | D:3      | Found an iron altar of Okawaru.
  2691 | D:3      | Gained mutation: Your muscles are strong. (Str +2) [potion of mutation]
  2691 | D:3      | Gained mutation: You are agile. (Dex +2) [potion of mutation]
  2691 | D:3      | Gained mutation: You are partially covered in large bone plates. (SH +4) [potion of mutation]
  2691 | D:3      | Gained mutation: You have sharp toenails. [potion of mutation]
  2691 | D:3      | HP: 1/35 [something/puff of flame (4)]
  2692 | D:3      | Killed from afar by an orc priest

Skill      XL: |  1  2  3  4 |
---------------+-------------+-----
Long Blades    | 4 5 |  5.0
Fighting       | |  3.0
Armour         | |  2.0
Dodging        | |  2.0

Action                   |  1- 3 |  4- 6 || total
-------------------------+-------+-------++-------
Melee: Falchion          |    58 |    73 ||   131
Invok: Berserk           |     2 |     2 ||     4
  Use: Potion            |     1 |     2 ||     3
 Stab: Sleeping          |     3 |       ||     3
  Eat: Ration            |     1 |     2 ||     3
Armor: Leather armour    |    16 |       ||    16
       Animal skin       |     3 |       ||     3
       Scale mail        |       |    40 ||    40
Dodge: Dodged            |    44 |    22 ||    66
Block: Other             |       |     1 ||     1
       Rpst.: Falchion   |    16 |     3 ||    19
